Map: Eternal Empire LE

Players

Michael - Winner!

  • Race: Zerg Zerg
  • League: Diamond
  • Spawn Location: 1:00

VOD

Have the link to the VOD?

Description

Time

  • Played on: Dec. 11, 2019, 4:33 p.m.
  • Length: 8:38
Show
View Real Time Build Order
Export as new Build Order

Michael Zerg - Winner!

Build Orders: Hatch First 

Get SALT Encoding   

  12  0:03  Drone  
  12  0:14  Overlord  
  12  0:16  Drone  
  12  0:33  Drone  
  12  0:34  Drone  
  12  0:51  Hatchery  
  12  0:53  Drone  
  12  0:56  Drone  
  12  1:00  Drone  
  12  1:11  Extractor  
  12  1:15  Spawning Pool  
  12  1:18  Drone  
  12  1:21  Drone  
  12  1:29  Drone  
  12  1:40  Drone  
  12  1:49  Hatchery  
  12  1:52  Drone  
  12  2:03  Queen  
  12  2:06  Drone  
  12  2:11  Drone  
  12  2:13  Drone  
  12  2:16  Drone  
  12  2:23  Overlord  
  12  2:27  Metabolic Boost  
  12  2:30  Zergling x2  
  12  2:34  Zergling x2  
  12  2:41  Queen  
  12  2:44  Zergling x2  
  12  2:48  Drone x2  
  12  2:55  Drone  
  12  2:57  Drone  
  12  3:02  Overlord  
  12  3:04  Queen  
  12  3:06  Drone  
  12  3:12  Drone  
  12  3:13  Drone x2  
  12  3:15  Drone  
  12  3:18  Overlord  
  12  3:22  Overlord  
  12  3:27  Drone, Extractor  
  12  3:28  Extractor  
  12  3:29  Drone  
  12  3:31  Drone  
  12  3:33  Drone  
  12  3:35  Drone  
  12  3:38  Drone  
  12  3:43  Roach Warren  
  12  3:50  Lair  
  12  3:52  Drone x2  
  12  3:59  Drone x3  
  12  4:01  Overlord  
  12  4:16  Overlord  
  12  4:28  Roach x9  
  12  4:32  Roach  
  12  4:39  Drone x2  
  12  4:43  Drone  
  12  4:47  Overseer  
  12  4:52  Drone x4  
  12  4:53  Drone x3  
  12  4:55  Extractor  
  12  4:57  Glial Reconstitution  
  12  5:04  Spire, Queen  
  12  5:09  Drone x2  
  12  5:11  Extractor, Overlord  
  12  5:14  Overlord  
  12  5:23  Drone  
  12  5:25  Overlord x3  
  12  5:39  Drone x4  
  12  5:59  Drone x3  
  12  6:02  Hatchery  
  12  6:03  Extractor  
  12  6:07  Extractor  
  12  6:15  Mutalisk x8  
  12  6:23  Drone x8  
  12  6:25  Evolution Chamber  
  12  6:31  Extractor  
  12  6:34  Overlord x4  
  12  6:47  Drone x4  
  12  6:48  Drone  
  12  6:58  Roach x5  
  12  7:03  Roach x6  
  12  7:17  Roach x7  
  12  7:23  Overlord x2  
  12  7:28  Overlord x3  
  12  7:29  Overlord  
  12  7:30  Roach  
  12  7:45  Roach x2  
  12  7:46  Roach x7  
  12  7:53  Roach x3  
  12  8:09  Roach  
  12  8:10  Roach x9  
  12  8:12  Roach  
  12  8:13  Roach  
  12  8:18  Overseer x2  
  12  8:19  Overseer  
  12  8:28  Infestation Pit  
Tags
 
Add a new tag
Caveats
  • Supply blocks, unpowered buildings, or Contaminate may cause inaccurate times.
  • Supply counts are checked every 10 seconds.